 Dungeon Crawl Stone Soup version 0.23.2 (webtiles) character file.

Game seed: 9311400979997224304

55655 Borgoz the Protected (level 14, -11/115 (118) HPs)
             Began as a Ghoul Fighter on Apr 4, 2019.
             Was an Elder of Ashenzari.
             Killed by divine providence
             ... invoked by a meliai
              (12 damage)
             ... on level 14 of the Dungeon.
             The game lasted 01:08:13 (29259 turns).

Borgoz the Protected (Ghoul Fighter)               Turns: 29259, Time: 01:08:13

HP:   -11/115 (118) AC: 19    Str: 32    XL:     14   Next: 78%
MP:   0/20          EV: 14    Int:  1    God:    Ashenzari [****..]
Gold: 1635          SH:  4    Dex: 10    Spells: 15/23 levels left

rFire    + + .     SeeInvis +   b - +6 dagger of Prudence {venom, +Rage rPois Str+5 Int-4}
rCold    + + +     Gourm    .   (no shield)
rNeg     + + +     Faith    .   B - +1 chain mail of Contentment {*Drain rElec rF+ rC+} (curse)
rPois    ∞         Spirit   +   s - +1 helmet (curse)
rElec    +         Reflect  +   p - scarf {Spirit} (curse)
rCorr    .         Harm     .   (no gloves)
MR       ++...     Clarity  +   l - +1 pair of boots
Stlth    ++........             n - +4 amulet of reflection
HPRegen  0.00/turn              y - ring "Inumuwis" {rC+ rN+ MR+ Str+3 Stlth+}
MPRegen  0.17/turn              x - ring of Xom's Entertainment {Wiz rElec rF+ Str+3} (curse)

@: about to teleport, very slightly contaminated, rotting, hasted, very quick
A: rotting body, claws 1, carnivore, cold resistance 1, negative energy
resistance 3, inhibited regeneration, torment resistance, unbreathing
a: Curse Item, Scrying, Renounce Religion


You were on level 14 of the Dungeon.
You worshipped Ashenzari.
Ashenzari was greatly pleased with you.
You were not hungry.

You visited 4 branches of the dungeon, and saw 21 of its levels.
You visited the Abyss 1 time.
You also visited: Gauntlet.

You collected 2332 gold pieces.
You spent 697 gold pieces at shops.

Inventory:

Hand Weapons
 a - a +2 dagger of draining
 b - the +6 dagger of Prudence (weapon) {venom, +Rage rPois Str+5 Int-4}
   (You found it on level 1 of the Lair of Beasts)

   It poisons the flesh of those it strikes.
   It affects your strength (+5).
   It affects your intelligence (-4).
   It protects you from poison.
   It lets you go berserk.
 J - a +1 rapier
Missiles
 N - a throwing net (quivered)
Armour
 l - a +1 pair of boots (worn)
 p - a cursed scarf of spirit shield (worn)
 s - a cursed +1 helmet (worn)
 B - the cursed +1 chain mail of Contentment (worn) {*Drain rElec rF+ rC+}
   (You bought it in a shop on level 7 of the Dungeon)

   It protects you from fire.
   It protects you from cold.
   It insulates you from electricity.
   It causes draining when unequipped.
   It has a curse placed upon it.
Jewellery
 j - an uncursed ring of protection from magic
 m - the ring of Tunaeheu {rCorr +Fly Str+2 SInv}
   (You bought it in a shop on level 2 of the Orcish Mines)

   [ring of resist corrosion]

   It affects your strength (+2).
   It lets you see invisible.
   It lets you fly.
 n - a +4 amulet of reflection (around neck)
 x - the cursed ring of Xom's Entertainment (right claw) {Wiz rElec rF+ Str+3}
   (You found it on level 3 of the Lair of Beasts)

   [ring of wizardry]

   It improves your spell success rate.
   It affects your strength (+3).
   It protects you from fire.
   It insulates you from electricity.
   It has a curse placed upon it.
 y - the ring "Inumuwis" (left claw) {rC+ rN+ MR+ Str+3 Stlth+}
   (You found it in a Gauntlet)

   [ring of protection from cold]

   It affects your strength (+3).
   It protects you from cold.
   It protects you from negative energy.
   It affects your resistance to hostile enchantments.
   It makes you more stealthy.
 E - the cursed ring of Xom's Anger {rC+ AC-3 Str+8 Dex-4 Slay+2}
   (You found it on level 12 of the Dungeon)

   [ring of protection]

   It affects your AC (-3).
   It affects your strength (+8).
   It affects your dexterity (-4).
   It affects your accuracy and damage with ranged weapons and melee attacks
   (+2).
   It protects you from cold.
   It has a curse placed upon it.
Wands
 d - a wand of paralysis (4)
 h - a wand of acid (10)
 K - a wand of enslavement (8)
Scrolls
 e - 10 scrolls of remove curse
 g - 6 scrolls of teleportation
 o - 3 scrolls of magic mapping
 t - 2 scrolls of fear
Potions
 r - 2 potions of cancellation
 w - a potion of agility
 z - 3 potions of brilliance
Comestibles
 f - 44 rations


   Skills:
 + Level 9.5 Fighting
 * Level 10.6 Short Blades
 - Level 1.9 Throwing
 * Level 10.9(14.1) Armour
 * Level 10.4 Dodging
 + Level 9.7 Stealth
   Level 2.6 Shields
 - Level 5.0 Spellcasting
 + Level 5.7 Hexes
 - Level 5.0 Transmutations
 - Level 3.0 Earth Magic
 + Level 3.3 Evocations


You had 15 spell levels left.
You knew the following spells:

 Your Spells              Type           Power        Failure   Level  Hunger
a - Confusing Touch       Hex            #.....       5%          1    ##.....
b - Confuse               Hex            #.......     16%         3    ####...
c - Petrify               Tmut/Erth      #.......     65%         4    #####..

Your spell library contained the following spells:

 Spells                   Type           Power        Failure   Level  Hunger
 Corona                   Hex            #......      5%          1    ##.....
 Slow                     Hex            #.......     8%          2    ###....
 Inner Flame              Hex/Fire       #.......     43%         3    ####...
 Portal Projectile        Hex/Tloc       #.....       43%         3    ####...
 Cause Fear               Hex            #.........   43%         4    #####..
 Leda's Liquefaction      Hex/Erth       #.........   61%         4    #####..
 Gell's Gravitas          Tloc           #.........   80%         3    ####...
 Recall                   Summ/Tloc      N/A          80%         3    ####...
 Yara's Violent Unravell  Hex/Tmut       #.........   82%         5    ######.
 Metabolic Englaciation   Hex/Ice        #.........   98%         5    ######.
 Silence                  Hex/Air        #.........   98%         5    ######.
 Animate Dead             Necr           N/A          99%         4    #####..
 Borgnjor's Vile Clutch   Necr/Erth      #.........   99%         5    ######.
 Bolt of Magma            Conj/Fire/Erth #.........   100%        5    ######.
 Death Channel            Necr           #.........   100%        6    #######
 Deflect Missiles         Chrm/Air       #.........   100%        6    #######
 Iron Shot                Conj/Erth      #.........   100%        6    #######
 Simulacrum               Ice/Necr       #.........   100%        6    #######
 Discord                  Hex            #.........   100%        8    #######
 Shatter                  Erth           #.........   100%        9    #######
 Statue Form              Tmut/Erth      Unusable     N/A         6    N/A

Dungeon Overview and Level Annotations

Branches:
Dungeon (14/15)            Temple (1/1) D:4            Lair (4/6) D:8
 Shoals (0/4) Lair:2       Spider (0/4) Lair:3          Orc (2/2) D:10
    Elf (0/3) Orc:2        Vaults (0/5) D:14

Altars:
Ashenzari
Cheibriados
Dithmenos
Elyvilon
Fedhas
Gozag
Hepliaklqana
Kikubaaqudgha
Makhleb
Nemelex Xobeh
Okawaru
Qazlal
Ru
Sif Muna
Trog
Uskayaw
Vehumet
Wu Jian
Xom
Yredelemnul
Zin
The Shining One

Shops:
D:7 *   D:12 *   D:14 (   Orc:2 :[%=

Portals:
Trove: D:11 (give 22 scrolls of identify)

Annotations:
Lair:3 exclusion: 3 oklob plants
Lair:4 Snorg


Innate Abilities, Weirdness & Mutations

Your body is rotting away.
You thrive on raw meat.
You are immune to poison.
You have sharp fingernails.
You are carnivorous and can eat meat at any time.
Your flesh is cold resistant. (rC+)
You are immune to negative energy. (rN+++)
You do not regenerate when monsters are visible.
You are immune to unholy pain and torment.
You can survive without breathing.


Message History

* * * LOW HITPOINT WARNING * * *
The meliai calls down the wrath of its god upon you.
Something smites you!
* * * LOW HITPOINT WARNING * * *
Okay, then.
Blink to where?
Press: ? - help, Dir - move target cursor You are very lightly contaminated with residual magic.
As you read the scroll of blinking, it crumbles to dust.
As you read the scroll of teleportation, it crumbles to dust.
You feel strangely unstable.
The meliai invokes the aid of its god against you.
Something smites you!
* * * LOW HITPOINT WARNING * * *
The meliai calls upon its god to heal the meliai.
The meliai is healed somewhat.
You feel yourself speed up.
The meliai mumbles some strange prayers to its god against you.
Something smites you!
You die...

, * #...# #.#.......∩#.... * ***
#...# #.#......###.#.. * #...#
#............... ###### #...#
#.##.....#.#.#.. ...... #...##
#.##............ ......*#....###
#.#.....##.####.
.....y##....y.####.#.##......# #(
#..y>).....yy......#######.###.
....####...##{##@................
.. ** #....#..#...##############
** ####..#.....# , ,* . #...#...#
, ,* . #*######.(.#...# , , .###.
........##...# #.##,,
....$*#######..#..(#.....,, *
....###..J..).(......# **
#.......######..#).###,,


You could see 3 meliai.

Vanquished Creatures
  A minotaur (Gauntlet)
  An ettin (Orc:1)
  4 ogre magi
  Erolcha (D:13)
  2 hydras
  The ghost of gohu the Fiendish, a journeyman DsFi of Makhleb (Lair:1)
  Harold (Lair:1)
  12 two-headed ogres
  Erica (D:10)
  A death scarab (Gauntlet)
  Sonja (Lair:1)
  A death drake (shapeshifter) (D:14)
  An unseen horror (D:12)
  A lindwurm (Lair:4)
  A wolf spider zombie (D:13)
  An oklob plant (Gauntlet)
  2 ugly things
  A cyclops (D:13)
  Joseph (D:9)
  A manticore (D:13)
  7 black mambas
  8 elephants
  7 spiny frogs
  3 centaur zombies
  A centaur skeleton (D:14)
  3 komodo dragons
  A rime drake (Lair:3)
  A wind drake (shapeshifter) (D:13)
  5 trolls
  A tyrant leech (Gauntlet)
  Prince Ribbit (Lair:3)
  7 blink frogs
  5 hippogriffs
  7 slime creatures
  2 dream sheep (D:10)
  A spectral black mamba (Gauntlet)
  A vampire (D:13)
  3 redbacks (Lair:3)
  A wyvern (Lair:4)
  A ynoxinul (Lair:1)
  A basilisk (D:8)
  Grum (Lair:1)
  24 yaks
  A steam dragon (D:12)
  5 hungry ghosts
  2 acid dragons (Gauntlet)
  A warg (Orc:1)
  2 swamp worms (Gauntlet)
  A soldier ant (D:11)
  10 water moccasins
  8 porcupines
  7 phantoms
  5 ice beasts
  4 sky beasts
  2 black bears (D:10)
  An eye of draining (D:11)
  8 orc warriors
  9 centaurs
  15 wolves
  27 ogres
  5 big kobolds
  7 crocodiles
  10 bullfrogs
  10 killer bees
  5 scorpions
  5 howler monkeys
  8 wights
  3 electric eels (D:6)
  6 crimson imps
  A bullfrog zombie (D:5)
  3 quasits
  3 hounds
  7 orc priests
  3 jellies
  2 bullfrog skeletons
  3 iguanas
  10 orc wizards
  13 worker ants
  A hound zombie (D:8)
  A worker ant zombie (D:11)
  12 gnolls
  A howler monkey skeleton (D:10)
  20 adders
  3 shadow imps
  3 oozes
  An adder zombie (D:9)
  2 adder skeletons
  2 worms
  8 leopard geckos
  55 orcs
  4 giant cockroaches
  6 goblins
  7 hobgoblins
  7 jackals
  7 quokkas
  11 bats
  9 frilled lizards
  A jackal skeleton (D:6)
  A jackal zombie (D:6)
  17 kobolds
  4 rats
523 creatures vanquished.

Vanquished Creatures (collateral kills)
  2 slime creatures (D:14)
2 creatures vanquished.

Vanquished Creatures (others)
  A yak (D:12)
  A kobold (D:14)
  A bush (Lair:3)
  15 fungi
  34 plants
52 creatures vanquished.

Grand Total: 577 creatures vanquished

Notes
Turn   | Place    | Note
-------+----------+-------------------------------------------
     0 | D:1      | Borgoz the Ghoul Fighter began the quest for the Orb.
     0 | D:1      | Reached XP level 1. HP: 19/19 MP: 0/0
   117 | D:1      | Reached XP level 2. HP: 23/26 MP: 1/1
   361 | D:1      | Reached skill level 1 in Dodging
   870 | D:2      | Reached XP level 3. HP: 25/30 MP: 2/2
  1026 | D:2      | Reached skill level 1 in Stealth
  1248 | D:2      | Reached XP level 4. HP: 24/38 MP: 1/3
  1521 | D:3      | Reached XP level 5. HP: 44/45 MP: 4/4
  1932 | D:3      | Reached XP level 6. HP: 52/52 MP: 5/5
  2183 | D:4      | Found a staircase to the Ecumenical Temple.
  2224 | Temple   | Entered the Ecumenical Temple
  2238 | Temple   | Became a worshipper of Ashenzari the Shackled
  2660 | D:4      | Reached XP level 7. HP: 59/59 MP: 6/6
  3713 | D:5      | Entered Level 5 of the Dungeon
  3714 | D:5      | Found a sacrificial altar of Ru.
  4163 | D:5      | Reached XP level 8. HP: 65/66 MP: 7/7
  4428 | D:5      | Reached skill level 5 in Armour
  4698 | D:5      | Reached skill level 5 in Fighting
  4818 | D:5      | Reached skill level 5 in Short Blades
  5441 | D:5      | Reached * piety under Ashenzari
  5813 | D:6      | Reached skill level 5 in Dodging
  5813 | D:6      | Reached XP level 9. HP: 69/74 MP: 8/8
  5920 | D:6      | Learned a level 1 spell: Confusing Touch
  5924 | D:6      | Learned a level 3 spell: Confuse
  5929 | D:6      | Learned a level 4 spell: Petrify
  6136 | D:6      | Reached skill level 1 in Earth Magic
  6213 | D:6      | Reached skill level 1 in Spellcasting
  7087 | D:6      | Reached skill level 5 in Stealth
  7295 | D:7      | Found Ekainat's Assorted Antiques.
  7314 | D:7      | Reached skill level 1 in Hexes
  7589 | D:7      | Found a radiant altar of Vehumet.
  8640 | D:8      | Reached XP level 10. HP: 74/77 MP: 9/11
  8745 | D:8      | Found a staircase to the Lair.
  9739 | D:8      | HP: 4/84 [scorpion (3)]
 10328 | D:9      | Reached ** piety under Ashenzari
 10841 | D:9      | Noticed Joseph
 10876 | D:9      | Killed Joseph
 11138 | D:7      | Bought a faintly humming chain mail for 247 gold pieces
 11148 | D:7      | Identified the cursed +1 chain mail of Contentment {*Drain
                  | rElec rF+ rC+} (You bought it in a shop on level 7 of the
                  | Dungeon)
 11208 | D:10     | Entered Level 10 of the Dungeon
 11241 | D:9      | Reached XP level 11. HP: 76/91 MP: 11/13
 11482 | D:10     | Reached skill level 1 in Transmutations
 11820 | D:10     | Found a staircase to the Orcish Mines.
 11882 | D:10     | Noticed Erica
 11913 | D:10     | Killed Erica
 12278 | D:10     | Noticed a three-headed hydra
 12304 | D:10     | Killed a three-headed hydra
 13223 | D:11     | Found a portal to a secret trove of treasure.
 13356 | D:11     | Noticed a red ugly thing
 13368 | D:11     | Killed a green ugly thing
 14281 | D:12     | Found Usollef's General Store.
 14432 | D:12     | Reached XP level 12. HP: 68/98 MP: 16/16
 14875 | D:12     | Identified the cursed ring of Xom's Anger {rC+ AC-3 Str+8
                  | Dex-4 Slay+2}
 14933 | D:13     | Reached *** piety under Ashenzari
 15487 | D:13     | Noticed Erolcha
 15563 | D:13     | Killed Erolcha
 16998 | D:14     | Noticed an entropy weaver
 16998 | D:14     | Noticed an emperor scorpion
 16998 | D:14     | an entropy weaver changed into an emperor scorpion
 17012 | D:14     | Noticed a fire giant
 17013 | D:14     | Noticed a death yak
 17013 | D:14     | a fire giant changed into a death yak
 17132 | Lair:1   | Entered Level 1 of the Lair of Beasts
 17230 | Lair:1   | Noticed Sonja
 17310 | Lair:1   | Got the dagger of Prudence {venom, +Rage rPois Str+5 Int-4}
 17310 | Lair:1   | Noticed Grum
 17314 | Lair:1   | Identified the +6 dagger of Prudence {venom, +Rage rPois
                  | Str+5 Int-4} (You found it on level 1 of the Lair of
                  | Beasts)
 17424 | Lair:1   | Killed Grum
 17658 | Lair:1   | Noticed Harold
 17694 | Lair:1   | Killed Harold
 18213 | Lair:1   | Found a large runed translucent door.
 18213 | Lair:1   | Found a large runed translucent door.
 18214 | Lair:1   | Noticed gohu's ghost (journeyman DsFi)
 18253 | Lair:1   | Cast into level 2 of the Abyss (Sonja)
 18257 | Abyss:2  | Got the dire flail "Yvvuapak" {crush, +Inv rPois MR++
                  | Str-5}
 18288 | Abyss:2  | Reached XP level 13. HP: 100/107 MP: 16/18
 18339 | Lair:1   | Escaped the Abyss
 18344 | Lair:1   | Killed Sonja
 18828 | Lair:1   | Killed gohu's ghost
 19209 | Lair:2   | Found a staircase to the Shoals.
 19757 | Lair:3   | Found a hole to the Spider Nest.
 19860 | Lair:3   | Noticed Prince Ribbit
 20657 | Lair:3   | Killed Prince Ribbit
 21153 | Lair:3   | Identified the ring of Xom's Entertainment {Wiz rElec rF+
                  | Str+3}
 21678 | Lair:3   | Reached skill level 1 in Evocations
 22378 | Lair:3   | Reached skill level 10 in Armour
 22606 | Lair:3   | Reached skill level 5 in Spellcasting
 23152 | Lair:3   | Reached skill level 5 in Hexes
 23344 | Lair:3   | Found the +8 whip "Snakebite" {curare, rPois}
 23749 | Lair:4   | Reached **** piety under Ashenzari
 23783 | Lair:4   | Noticed Snorg
 23900 | Lair:4   | Found a gate leading to a gauntlet.
 24106 | Gauntlet | Entered a Gauntlet
 24106 | Gauntlet | Found a transporter.
 24106 | Gauntlet | Found a transporter.
 24181 | Gauntlet | Found a transporter.
 24196 | Gauntlet | Found a transporter.
 24210 | Gauntlet | Found a transporter.
 24223 | Gauntlet | Found a transporter.
 24228 | Gauntlet | Identified the ring "Inumuwis" {rC+ rN+ MR+ Str+3 Stlth+}
 24239 | Gauntlet | Found a transporter.
 24240 | Gauntlet | Identified the ring "Uviod" {Fire rElec}
 24305 | Gauntlet | Found a transporter.
 24320 | Gauntlet | Found a transporter.
 24322 | Gauntlet | Found a large runed translucent door.
 24322 | Gauntlet | Found a large runed translucent door.
 24323 | Gauntlet | Found a large runed translucent door.
 24323 | Gauntlet | Found a large runed translucent door.
 24324 | Gauntlet | Found a large runed translucent door.
 24324 | Gauntlet | Found a runed translucent door.
 24324 | Gauntlet | Found a large runed translucent door.
 24324 | Gauntlet | Found a runed translucent door.
 24324 | Gauntlet | Found a large runed translucent door.
 24324 | Gauntlet | Found a large runed translucent door.
 24325 | Gauntlet | Found a large runed translucent door.
 24325 | Gauntlet | Found a large runed translucent door.
 24328 | Gauntlet | Found a large runed translucent door.
 24328 | Gauntlet | Found a large runed translucent door.
 24330 | Gauntlet | Found a large runed translucent door.
 24330 | Gauntlet | Found a large runed translucent door.
 24330 | Gauntlet | Found a large runed translucent door.
 24332 | Gauntlet | Found a runed translucent gate.
 24332 | Gauntlet | Found a runed translucent gate.
 24332 | Gauntlet | Found a runed translucent gate.
 24334 | Gauntlet | Found a transporter.
 24345 | Gauntlet | Found a large runed translucent door.
 24347 | Gauntlet | Found a transporter.
 24434 | Gauntlet | Found a transporter.
 24444 | Gauntlet | Found a transporter.
 24454 | Gauntlet | Found a transporter.
 24478 | Gauntlet | Found a transporter.
 24488 | Gauntlet | Found a transporter.
 24728 | Gauntlet | Reached skill level 10 in Short Blades
 24953 | Gauntlet | Reached XP level 14. HP: 101/116 MP: 17/20
 25865 | Orc:1    | Entered Level 1 of the Orcish Mines
 26338 | Orc:2    | Entered Level 2 of the Orcish Mines
 26384 | Orc:1    | Reached skill level 5 in Transmutations
 26676 | Orc:1    | Reached skill level 10 in Dodging
 26972 | Orc:1    | Reached skill level 1 in Throwing
 27027 | Orc:2    | HP: 2/117 [two-headed ogre/+0 giant club (10)]
 28090 | Orc:2    | Found a staircase to the Elven Halls.
 28479 | Orc:2    | Found Rodghey's Food Emporium.
 28479 | Orc:2    | Found Xunanturch's Book Boutique.
 28479 | Orc:2    | Found Nougapha's Jewellery Shop.
 28479 | Orc:2    | Found Tiranam's Armour Emporium.
 28516 | Orc:2    | Bought the ring of Tunaeheu {rCorr +Fly Str+2 SInv} for 450
                  | gold pieces
 29034 | D:14     | Found Qeagosme's Antique Weapon Boutique.
 29075 | D:14     | Found a gate to the Vaults.
 29257 | D:14     | HP: 1/115 [meliai/divine providence (6)]
 29259 | D:14     | Killed from afar by a meliai

Skill      XL: |  1  2  3  4  5  6  7  8  9 10 11 12 13 14 |
---------------+-------------------------------------------+-----
Short Blades   | 2 3 4 5 6 7 8 9 10 | 10.6
Dodging        | 1 2 3 5 6 7 8 9 10 | 10.4
Armour         | 3 4 5 6 7 8 9 10 | 10.9
Stealth        | 1 2 3 4 5 6 7 8 9 |  9.7
Fighting       | 4 5 6 7 8 9 |  9.5
Earth Magic    | 1 3 |  3.0
Spellcasting   | 1 2 3 4 5 |  5.0
Hexes          | 1 2 3 4 5 |  5.7
Transmutations | 2 3 4 5 |  5.0
Evocations     | 2 3 |  3.3
Throwing       | 1 |  1.9
Shields        | |  2.6

Action                   |  1- 3 |  4- 6 |  7- 9 | 10-12 | 13-15 || total
-------------------------+-------+-------+-------+-------+-------++-------
Melee: Rapier            |   181 |    53 |       |       |       ||   234
       Dagger            |       |   113 |  1015 |  2169 |  1470 ||  4767
Throw: Throwing net      |       |       |       |     4 |     3 ||     7
 Cast: Confusing Touch   |       |       |       |    11 |    39 ||    50
Invok: Curse Item        |       |       |       |     1 |     2 ||     3
Evoke: Wand              |       |       |       |     6 |    17 ||    23
  Use: Scroll            |       |    10 |     2 |     9 |     5 ||    26
       Potion            |       |     1 |     5 |    16 |     9 ||    31
 Stab: Distracted        |       |       |     1 |       |       ||     1
       Sleeping          |       |       |     1 |     3 |       ||     4
       Confused          |       |       |       |    10 |    32 ||    42
       Held in net/web   |       |       |       |     2 |     4 ||     6
       Paralysed         |       |       |       |       |     5 ||     5
  Eat: Chunk             |     4 |    10 |    43 |    69 |    63 ||   189
Armor: Scale mail        |   111 |    16 |       |       |       ||   127
       Ring mail         |       |    33 |   336 |   149 |       ||   518
       Chain mail        |       |       |       |   648 |   482 ||  1130
Dodge: Dodged            |   138 |    95 |   546 |   868 |   625 ||  2272
Block: Other             |       |       |       |   265 |   196 ||   461
       Reflection        |       |       |       |     9 |     1 ||    10
